 Dungeon Crawl Stone Soup version 0.21.0-24-g2553a3340b (webtiles) character file.

298976 kuhout the Slayer (level 20, -11/303 HPs)
             Began as a Minotaur Berserker on Jan 21, 2018.
             Was the Champion of Trog.
             Killed from afar by a hellion (27 damage)
             ... with damnation
             ... on level 2 of the Abyss.
             The game lasted 01:56:44 (34480 turns).

kuhout the Slayer (Minotaur Berserker)             Turns: 34480, Time: 01:56:44

Health: -11/303    AC: 35    Str: 30    XL:     20   Next: 13%
Magic:  19/19      EV: 16    Int:  4    God:    Trog [******]
Gold:   2078       SH: 18    Dex: 16    Spells: 19/19 levels left

rFire    + + .     SeeInvis +   n - +9 eveningstar (drain)
rCold    + . .     Gourm    .   t - +2 shield {reflect}
rNeg     + + .     Faith    .   U - +1 crystal plate armour of Vupesm {-Cast rF+ Regen+ Slay+3}
rPois    .         Spirit   .   y - +2 hat
rElec    +         Reflect  +   k - scarf {rC+ rF+}
rCorr    +         Harm     .   u - +0 pair of gloves
MR       ++...     NoCast   +   Q - +2 pair of boots {Fly}
Stlth    ..........             M - amulet of regeneration
HPRegen  1.40/turn              S - ring of Xaoggais {rCorr MR+}
MPRegen  0.16/turn              O - ring "Norghal" {rElec rN++ Dex+2 SInv Stlth+}

@: berserking, lethally poisoned (-11 -> -13), liquid flames, flying, slowed,
lost intelligence, glowing
A: retaliatory headbutt, horns 2, [clumsy 1], [no potion heal 2], [subdued magic
1]
}: 2/15 runes: serpentine, barnacled
a: Berserk, Trog's Hand, Brothers in Arms, Burn Spellbooks, Renounce Religion,
Stop Flying


You were on level 2 of the Abyss.
You worshipped Trog.
Trog was exalted by your worship.
You were not hungry.

You visited 6 branches of the dungeon, and saw 34 of its levels.
You visited the Abyss 1 time.
You also visited: Labyrinth and Bailey.

You collected 3532 gold pieces.
You spent 1454 gold pieces at shops.

Inventory:

Hand Weapons
 n - a +9 eveningstar of draining (weapon)
Armour
 j - the +4 cloak of Cowardice {rPois rN++ Str+3 Dex-4}
   (You bought it in a shop on level 2 of the Orcish Mines)

   It affects your strength (+3).
   It affects your dexterity (-4).
   It protects you from poison.
   It greatly protects you from negative energy.
 k - a scarf of resistance (worn)
 t - a +2 shield of reflection (worn)
 u - a +0 pair of gloves (worn)
 y - a +2 hat (worn)
 Q - a +2 pair of boots of flying (worn)
 U - the +1 crystal plate armour of Vupesm (worn) {-Cast rF+ Regen+ Slay+3}
   (You found it on level 11 of the Dungeon)

   It affects your accuracy and damage with ranged weapons and melee attacks
   (+3).
   It protects you from fire.
   It prevents spellcasting.
   It increases your rate of regeneration.
Jewellery
 A - an uncursed ring of protection from cold
 C - an uncursed ring of positive energy
 M - an amulet of regeneration (around neck)
 N - an uncursed ring of resist corrosion
 O - the ring "Norghal" (right hand) {rElec rN++ Dex+2 SInv Stlth+}
   (You bought it in a shop on level 14 of the Dungeon)

   [ring of see invisible]

   It affects your dexterity (+2).
   It insulates you from electricity.
   It greatly protects you from negative energy.
   It lets you see invisible.
   It makes you more stealthy.
 S - the ring of Xaoggais (left hand) {rCorr MR+}
   (You bought it in a shop on level 1 of the Elven Halls)

   [ring of resist corrosion]

   It affects your resistance to hostile enchantments.
 V - an uncursed ring of protection from fire
Wands
 s - a wand of paralysis (33)
 D - a wand of polymorph (35)
 E - a wand of iceblast (46)
 F - a wand of digging (11)
 G - a wand of flame (99)
 H - a wand of enslavement (11)
 K - a wand of acid (56)
Scrolls
 b - 3 scrolls of silence
 e - 6 scrolls of fear
 g - 8 scrolls of fog
 h - a scroll of summoning
 p - 10 scrolls of remove curse
 r - 2 scrolls of vulnerability
 w - 13 scrolls of teleportation
 B - a scroll of enchant weapon
 R - 3 scrolls of magic mapping
 T - 3 scrolls of identify
 X - 3 scrolls of holy word
 Y - 2 scrolls of immolation
Potions
 a - 4 potions of cancellation
 d - 9 potions of haste
 f - 8 potions of heal wounds
 i - 7 potions of might
 l - 2 potions of agility
 m - 2 potions of flight
 o - 2 potions of berserk rage
 q - 3 potions of ambrosia
 v - 4 potions of mutation
 x - 2 potions of invisibility
 z - 8 potions of lignification
 I - 3 potions of brilliance {unknown}
 J - 9 potions of curing
 L - 3 potions of resistance
Comestibles
 c - 33 rations
 P - 2 chunks of flesh


   Skills:
 + Level 22.6 Fighting
 - Level 20.0 Maces & Flails
 + Level 20.2 Armour
 + Level 15.3 Dodging
 + Level 16.5 Shields


You had 19 spell levels left.
You didn't know any spells.

Dungeon Overview and Level Annotations

Branches:
Dungeon (15/15) Temple (0/1) D:5 Lair (6/6) D:9 Shoals (4/4) Lair:4 Snake (4/4) Lair:2 Slime (0/5) Lair:6 Orc (2/2) D:12 Elf (3/3) Orc:2 Vaults (0/5) D:12 D:13 Depths (0/5) D:15

Altars:
Ashenzari
Cheibriados
Elyvilon
Hepliaklqana
Nemelex Xobeh
Ru
Sif Muna
Trog
Vehumet
Yredelemnul
Zin
The Shining One
Beogh
Jiyva

Shops:
D:12 (   D:13 !}*(*   D:14 =([   D:15 !%   Orc:2 ![?[:   Elf:1 =   Shoals:2 }
Snake:1 *   Snake:2 !

Annotations:
D:8 1 runed door


Innate Abilities, Weirdness & Mutations

You reflexively headbutt those who attack you in melee.
You have a pair of horns on your head.
[You are clumsy. (Dex -2)]
[Potions are poor at restoring your health.]
[Your spells are a little easier to cast, but a little less powerful.]


Message History

The balrug shouts!
You hear a shout!
You bludgeon the balrug!! You headbutt the balrug.
The balrug is severely wounded.
You are covered in liquid flames!
You feel sick. The balrug gestures at you. The sticky flame hits you!
You are covered in liquid flames!
You bludgeon the balrug!!
You kill the balrug!
Trog accepts your kill.
You feel the corruption within you wane somewhat.
Your urge to shout disappears.
Your connection to magic feels less subdued.
You are covered in liquid flames!
* * * LOW HITPOINT WARNING * * *
You feel sick. The hellion gestures at you.
The sphere of damnation explodes!
The damnation engulfs you!
You die...

.# .. #.....##..
.... ..........
##...... ....#.#
. #............
.$ ..##..4
#.....#
#.....###...##
#.##....#.....#.
#......)......#
.#...@.......# #
#..............
####.....#......#
#........... #.
#............
#.............#
##..2..#.....#.
##...###...#. #..
.. ## .#


You could see an orange demon and a hellion.

Vanquished Creatures
  Vashnia (Snake:4)
  A bone dragon (Abyss:2)
  2 deep elf blademasters
  A deep elf master archer (Elf:3)
  2 krakens (Shoals:3)
  Ilsuiw (Shoals:4)
  11 nagarajas
  Aizul (Snake:1)
  A deep elf sorcerer (Elf:1)
  A deep elf elementalist (Elf:3)
  A balrug (Abyss:2)
  A stone giant (shapeshifter) (D:15)
  Nessos (D:12)
  4 deep elf annihilators (Elf:3)
  5 deep elf demonologists
  A dire elephant (Lair:6)
  A minotaur (Lab)
  4 deep elf death magi
  11 merfolk javelineers
  3 merfolk impalers
  A deep elf high priest (Elf:3)
  Josephine (Snake:1)
  The ghost of zetsub0u the Cleaver, a journeyman MiCK of Xom (D:11)
  A servant of whispers (Elf:1)
  15 naga warriors
  6 hydras
  A rakshasa (D:15)
  11 two-headed ogres
  6 merfolk aquamancers
  4 merfolk avatars
  A death knight (D:15)
  2 catoblepae
  2 satyrs (Shoals:4)
  8 death yaks
  Erica (Lair:1)
  3 alligator snapping turtles
  4 centaur warriors
  19 anacondas
  An ogre mage (D:15)
  A deep troll shaman (Lair:6)
  26 dancing weapons
  7 shock serpents
  Urug (D:15)
  11 naga sharpshooters
  Sonja (D:13)
  Nergalle (D:11)
  A wretched star (Abyss:2)
  17 deep elf knights
  3 salamander mystics
  A skeletal warrior (D:15)
  3 unseen horrors
  8 naga ritualists
  7 deep elf archers
  22 harpies
  15 sea snakes
  A glowing orange brain (D:15)
  A phantasmal warrior (D:15)
  5 orc knights
  3 ugly things (D:15)
  An oklob plant (Lair:1)
  20 manticores
  4 slime creatures (D:15)
  4 salamanders
  A manticore (shapeshifter) (D:15)
  An orc sorcerer (Orc:2)
  56 deep elf magi
  24 fauns
  The ghost of hofbold the Stinger, a novice HuVM of Dithmenos (D:6)
  8 cyclopes
  9 mana vipers
  21 elephants
  14 merfolk sirens
  8 guardian serpents
  33 black mambas
  A gargoyle (D:12)
  10 naga magi
  6 water nymphs
  A torpor snail (Lair:6)
  19 spiny frogs
  A rime drake (Lair:1)
  7 komodo dragons
  2 kobold demonologists (D:12)
  3 freezing wraiths
  An ancient zyme (Abyss:2)
  An efreet (D:15)
  A troll (shapeshifter) (Elf:1)
  3 polar bears
  7 trolls
  49 merfolk
  A hornet (D:13)
  3 saltlings (Elf:1)
  13 blink frogs
  4 wind drakes
  12 snapping turtles
  2 dream sheep (Shoals:2)
  14 hippogriffs
  3 raiju (Abyss:2)
  7 wraiths
  4 air elementals
  A vampire (D:9)
  A redback (Lab)
  3 basilisks
  12 water elementals
  2 wyverns
  40 yaks
  2 shadows
  15 humans
  3 fire elementals (Elf:2)
  6 hungry ghosts
  5 vampire mosquitoes
  4 wargs
  41 nagas
  18 water moccasins
  4 ice beasts
  3 porcupines
  47 orc warriors
  8 sky beasts
  4 black bears
  A necrophage (D:12)
  17 ogres
  2 large abominations (Abyss:2)
  14 wolves
  29 centaurs
  5 crocodiles
  4 big kobolds
  25 bullfrogs
  4 earth elementals
  A gnoll sergeant (Orc:2)
  2 wyvern zombies
  A small abomination (Abyss:2)
  4 scorpions
  A water moccasin skeleton (D:7)
  12 killer bees
  4 wights (D:7)
  9 howler monkeys
  A vampire bat (D:15)
  7 electric eels
  6 crimson imps
  5 centaur zombies
  2 bullfrog zombies
  2 quasits (Abyss:2)
  3 bullfrog skeletons
  14 hounds
  2 gnoll shamans
  17 orc priests
  9 jellies
  23 orc wizards
  3 centaur skeletons
  Ijyb (D:3)
  15 worker ants
  3 iguanas
  A worker ant zombie (D:6)
  15 gnolls
  12 adders
  A howler monkey skeleton (D:5)
  4 shadow imps
  7 oozes
  2 worms (D:6)
  A dart slug (D:3)
  5 leopard geckos
  117 orcs
  4 giant cockroaches
  6 goblins
  5 hobgoblins
  9 jackals
  27 kobolds
  2 quokkas
  2 ball pythons
  13 bats
  A frilled lizard (D:3)
  2 jackal skeletons
  7 rats
  A butterfly (Lair:5)
  6 plants
  2 tentacles (Shoals:3)
1376 creatures vanquished.

Vanquished Creatures (others)
  A deep elf annihilator (Elf:3)
  A merfolk javelineer (Shoals:4)
  A merfolk aquamancer (Shoals:4)
  3 satyrs
  A human (D:13)
  A boggart (Elf:1)
  An orc (D:9)
  3 fungi
  A lurking horror (Abyss:2)
  9 plants
  8 tentacles (Shoals:3)
30 creatures vanquished.

Grand Total: 1406 creatures vanquished

Notes
Turn   | Place    | Note
-------+----------+-------------------------------------------
     0 | D:1      | kuhout the Minotaur Berserker began the quest for the Orb.
     0 | D:1      | Reached XP level 1. HP: 19/19 MP: 0/0
   206 | D:1      | Reached XP level 2. HP: 26/27 MP: 1/1
   247 | D:1      | Reached skill level 4 in Fighting
   927 | D:2      | Found a faded altar of an unknown god.
  1059 | D:2      | Found a basalt altar of Yredelemnul.
  1091 | D:2      | Found a glowing golden altar of the Shining One.
  1326 | D:2      | Reached XP level 3. HP: 32/33 MP: 2/2
  1391 | D:2      | Reached ** piety under Trog
  1806 | D:2      | Noticed an angel
  1946 | D:3      | Noticed Ijyb
  1953 | D:3      | Killed Ijyb
  1953 | D:3      | Reached XP level 4. HP: 41/41 MP: 3/3
  2012 | D:3      | Reached skill level 5 in Fighting
  2012 | D:3      | Reached skill level 5 in Maces & Flails
  2012 | D:3      | Reached XP level 5. HP: 35/48 MP: 4/4
  2267 | D:3      | Found a sparkling altar of Nemelex Xobeh.
  2777 | D:4      | Reached XP level 6. HP: 52/56 MP: 5/5
  3016 | D:4      | Found a sparkling altar of Nemelex Xobeh.
  3048 | D:4      | Reached skill level 5 in Armour
  3056 | D:4      | Reached skill level 6 in Fighting
  3705 | D:5      | Entered Level 5 of the Dungeon
  3709 | D:5      | Reached *** piety under Trog
  3717 | D:5      | Found a deep blue altar of Sif Muna.
  3724 | D:5      | Reached XP level 7. HP: 60/63 MP: 6/6
  3795 | D:5      | Reached skill level 1 in Shields
  3923 | D:5      | Found a sacrificial altar of Ru.
  3961 | D:5      | Reached skill level 7 in Fighting
  4191 | D:5      | Reached XP level 8. HP: 65/73 MP: 7/7
  4465 | D:5      | Found a staircase to the Ecumenical Temple.
  4661 | D:6      | Reached **** piety under Trog
  4661 | D:6      | Received a gift from Trog
  4675 | D:6      | Noticed hofbold's ghost (novice HuVM)
  4690 | D:6      | Killed hofbold's ghost
  4690 | D:6      | Reached skill level 8 in Fighting
  4690 | D:6      | Reached skill level 5 in Shields
  4694 | D:6      | Reached XP level 9. HP: 80/82 MP: 8/8
  5080 | D:6      | Noticed a moth of wrath
  5091 | D:6      | Found a bloodstained altar of Trog.
  5357 | D:6      | Reached skill level 9 in Fighting
  5528 | D:6      | Found a shattered altar of Ashenzari.
  6007 | D:7      | Reached XP level 10. HP: 72/92 MP: 9/9
  6452 | D:8      | Noticed a two-headed ogre
  6462 | D:8      | Killed a two-headed ogre
  6462 | D:8      | Reached skill level 10 in Fighting
  6462 | D:8      | Reached skill level 10 in Maces & Flails
  6670 | D:8      | Found a runed door.
  6825 | D:8      | Reached ***** piety under Trog
  6830 | D:8      | Found a viscous altar of Jiyva.
  6864 | D:8      | Found a runed door.
  7174 | D:8      | Reached skill level 10 in Armour
  7414 | D:9      | Found a snail-covered altar of Cheibriados.
  7447 | D:9      | Noticed a two-headed ogre
  7461 | D:9      | Killed a two-headed ogre
  7461 | D:9      | Reached skill level 11 in Fighting
  7556 | D:9      | Reached XP level 11. HP: 68/102 MP: 10/10
  7571 | D:9      | Received a gift from Trog
  7574 | D:9      | Noticed a two-headed ogre
  7672 | D:9      | Killed a two-headed ogre
  7787 | D:9      | Found a staircase to the Lair.
  8026 | D:9      | Found a flagged portal.
  8036 | Bailey   | Entered a bailey
  8340 | Bailey   | Got an encrusted bardiche {flame}
  8898 | D:9      | Found a glowing silver altar of Zin.
  8898 | D:9      | Found a faded altar of an unknown god.
  8904 | D:9      | Found a radiant altar of Vehumet.
  8906 | D:9      | Found a hazy altar of Hepliaklqana.
  8907 | D:9      | Found a white marble altar of Elyvilon.
  9101 | D:10     | Entered Level 10 of the Dungeon
  9212 | D:10     | Reached skill level 10 in Shields
 10100 | D:10     | Received a gift from Trog
 10214 | D:10     | Killed an unseen horror
 10214 | D:10     | Reached skill level 12 in Fighting
 10416 | D:11     | Noticed zetsub0u's ghost (journeyman MiCK)
 10445 | D:11     | Killed zetsub0u's ghost
 10648 | D:11     | Noticed Nergalle
 10672 | D:11     | Got a dazzling crystal plate armour
 10683 | D:11     | Identified the cursed +1 crystal plate armour of Vupesm {-Cast rF+ Regen+ Slay+3} (You found it on level 11 of the Dungeon)
 10731 | D:11     | Killed Nergalle
 10731 | D:11     | Reached XP level 12. HP: 98/113 MP: 11/11
 10998 | D:11     | Noticed a centaur warrior
 11009 | D:11     | Killed a centaur warrior
 11244 | D:12     | Noticed a two-headed ogre
 11255 | D:12     | Killed a two-headed ogre
 11313 | D:12     | Received a gift from Trog
 11383 | D:12     | Reached skill level 13 in Fighting
 11598 | D:12     | Found Rall's Antique Weapon Shop.
 11918 | D:12     | Paralysed by an orc for 6 turns
 11927 | D:12     | Found a staircase to the Orcish Mines.
 11958 | D:12     | Noticed a two-headed ogre
 11964 | D:12     | Killed a two-headed ogre
 12019 | D:12     | Found a roughly hewn altar of Beogh.
 12218 | D:13     | Found a gate to the Vaults.
 12218 | D:13     | Noticed Urug
 12218 | D:13     | Noticed a two-headed ogre
 12218 | D:13     | Noticed Nessos
 12339 | D:12     | Killed a two-headed ogre
 12464 | D:12     | Killed Nessos
 12464 | D:12     | Reached XP level 13. HP: 122/122 MP: 12/12
 12486 | D:13     | Found Deotu's Assorted Antiques.
 12636 | D:13     | Paralysed by a hornet for 2 turns
 12721 | D:13     | Found Esoshompamut's Gadget Shoppe.
 12783 | D:13     | Noticed Sonja
 12796 | D:13     | Received a gift from Trog
 12801 | D:13     | Reached skill level 14 in Fighting
 12808 | D:13     | Killed Sonja
 13116 | D:13     | Found Sifuak's Distillery.
 13126 | D:13     | Reached skill level 15 in Shields
 13162 | D:13     | Bought a potion of curing for 45 gold pieces
 13174 | D:13     | Found Zyucwaal's General Store.
 13180 | D:13     | Found Upitzax's Weapon Boutique.
 13370 | D:14     | Found Ixuimm's Antique Weapon Boutique.
 13429 | D:14     | Found Dorghyf's Antique Armour Boutique.
 13720 | D:14     | Found Liereof's Jewellery Shop.
 13741 | D:14     | Bought the ring "Norghal" {rElec rN++ Dex+2 SInv Stlth+} for 511 gold pieces
 14070 | Lair:1   | Entered Level 1 of the Lair of Beasts
 14070 | Lair:1   | Noticed Erica
 14075 | Lair:1   | Killed Erica
 15067 | Lair:2   | Found a staircase to the Snake Pit.
 15215 | Lair:2   | Reached XP level 14. HP: 129/133 MP: 13/13
 15380 | Lair:2   | Reached skill level 15 in Maces & Flails
 15644 | Lair:2   | Reached skill level 15 in Fighting
 15720 | Lair:2   | Reached ****** piety under Trog
 16079 | Lair:3   | Reached skill level 15 in Armour
 16963 | Lair:4   | Found a staircase to the Shoals.
 17315 | Lair:5   | Received a gift from Trog
 18040 | Lair:6   | Entered Level 6 of the Lair of Beasts
 18266 | Lair:6   | Reached skill level 16 in Fighting
 18481 | Lair:6   | Reached skill level 5 in Dodging
 18504 | Lair:6   | Reached XP level 15. HP: 76/144 MP: 14/14
 18558 | Lair:6   | Received a gift from Trog
 18597 | Lair:6   | Identified Sif Muna's Catalogue of Unstable Darkness
 18854 | Lair:6   | Found a staircase to the Slime Pits.
 19419 | D:15     | Entered Level 15 of the Dungeon
 19700 | D:15     | Found Zughisk's Distillery.
 19761 | D:15     | Reached skill level 17 in Fighting
 19977 | D:15     | Found a staircase to the Depths.
 20036 | D:15     | Noticed an iron giant
 20039 | D:15     | Noticed a shadow dragon
 20039 | D:15     | an iron giant changed into a shadow dragon
 20043 | D:15     | a shadow dragon changed into a stone giant
 20199 | D:15     | Killed Urug
 20199 | D:15     | Received a gift from Trog
 20235 | D:15     | Found Poaruu's Food Shoppe.
 20406 | Orc:1    | Entered Level 1 of the Orcish Mines
 20717 | Orc:2    | Entered Level 2 of the Orcish Mines
 20721 | Orc:2    | Found Nucram's Distillery.
 20813 | Orc:2    | Found a staircase to the Elven Halls.
 20842 | Orc:2    | Found a labyrinth entrance.
 20859 | Lab      | Entered a labyrinth
 21714 | Orc:2    | Received a gift from Trog
 21854 | Orc:2    | Found Podghura's Antique Armour Shoppe.
 21854 | Orc:2    | Found Pusiw's Magic Scroll Shop.
 21857 | Orc:2    | Found Oreingih's Book Emporium.
 21859 | Orc:2    | Found Efoubb's Antique Armour Boutique.
 21871 | Orc:2    | Bought a transparent cloak for 247 gold pieces
 21886 | Orc:2    | Identified the +4 cloak of Cowardice {rPois rN++ Str+3 Dex-4} (You bought it in a shop on level 2 of the Orcish Mines)
 22336 | Snake:1  | Entered Level 1 of the Snake Pit
 22359 | Snake:1  | Reached skill level 18 in Fighting
 22616 | Snake:1  | Found Woururax's General Store.
 22617 | Snake:1  | Noticed Aizul
 22635 | Snake:1  | Killed Aizul
 22738 | Snake:1  | Reached XP level 16. HP: 132/157 MP: 15/15
 22769 | Snake:1  | Noticed Josephine
 22781 | Snake:1  | Killed Josephine
 23006 | Snake:1  | Identified 2 scrolls of acquirement
 23024 | Snake:1  | Got a translucent eveningstar
 23025 | Snake:1  | Lost intelligence.
 23025 | Snake:1  | Identified the +1 eveningstar of Starshine {crush, Int-5 Dex+3} (You acquired it on level 1 of the Snake Pit)
 23491 | Snake:2  | Found Vemavuneick's Distillery.
 23977 | Snake:3  | Reached skill level 10 in Dodging
 24854 | Snake:4  | Entered Level 4 of the Snake Pit
 24899 | Snake:4  | Reached skill level 19 in Fighting
 25026 | Snake:4  | Received a gift from Trog
 25178 | Snake:4  | Reached XP level 17. HP: 146/168 MP: 16/16
 25194 | Snake:4  | Noticed Vashnia
 25469 | Snake:4  | Killed Vashnia
 25985 | Snake:4  | Received a gift from Trog
 26169 | Snake:4  | Got a serpentine rune of Zot
 26611 | Shoals:1 | Entered Level 1 of the Shoals
 26867 | Orc:2    | Bought a shiny shield for 195 gold pieces
 27884 | Shoals:2 | Found Fyw Bivepha's Gadget Emporium.
 27937 | Shoals:2 | Received a gift from Trog
 28038 | Shoals:2 | Reached skill level 20 in Fighting
 28071 | Shoals:2 | Reached XP level 18. HP: 105/178 MP: 17/17
 29262 | Shoals:3 | Received a gift from Trog
 29686 | Shoals:4 | Entered Level 4 of the Shoals
 30262 | Shoals:4 | Got a barnacled rune of Zot
 30391 | Shoals:4 | Received a gift from Trog
 30606 | Shoals:4 | Noticed Ilsuiw
 30655 | Shoals:4 | Killed Ilsuiw
 30738 | Shoals:4 | Reached XP level 19. HP: 179/188 MP: 18/18
 31201 | Elf:1    | Entered Level 1 of the Elven Halls
 31314 | Elf:1    | Reached skill level 21 in Fighting
 31348 | Elf:1    | Received a gift from Trog
 31707 | Elf:1    | Found Wimoih's Jewellery Emporium.
 31711 | Elf:1    | Bought the ring of Xaoggais {rCorr MR+} for 456 gold pieces
 31899 | Elf:1    | Received a gift from Trog
 32396 | Elf:2    | Found a huge runed gate.
 32396 | Elf:2    | Found a huge runed gate.
 32396 | Elf:2    | Found a huge runed gate.
 32398 | Elf:2    | Found a huge runed gate.
 32399 | Elf:2    | Found a huge runed gate.
 32581 | Elf:2    | Reached skill level 15 in Dodging
 32715 | Elf:2    | Received a gift from Trog
 33109 | Elf:2    | Reached skill level 22 in Fighting
 33372 | Elf:3    | Entered Level 3 of the Elven Halls
 33551 | Elf:3    | Noticed a Tzitzimitl
 33923 | Elf:3    | Received a gift from Trog
 33979 | Elf:3    | Noticed a Brimstone Fiend
 33998 | Elf:3    | Reached XP level 20. HP: 27/202 MP: 19/19
 34333 | Elf:3    | Cast into level 2 of the Abyss (a deep elf sorcerer)
 34379 | Abyss:2  | Found a shattered altar of Ashenzari.
 34457 | Abyss:2  | Lost intelligence.
 34465 | Abyss:2  | Noticed a bone dragon
 34477 | Abyss:2  | Killed a bone dragon
 34480 | Abyss:2  | Killed from afar by a hellion

Skill      XL: |  1  2  3  4  5  6  7  8  9 10 11 12 13 14 15 16 17 18 19 |
---------------+----------------------------------------------------------+-----
Maces & Flails | 4 5 6 7 8 9 11 12 13 14 16 17 18 19 20 | 20.0
Fighting       | 4 5 6 7 8 9 11 12 13 14 16 18 19 20 22 | 22.6
Armour         | 3 4 5 6 7 9 10 12 13 14 16 17 18 19 20 | 20.2
Shields        | 2 5 7 9 11 14 16 | 16.5
Dodging        | 5 9 11 12 14 15 | 15.3

Action                   |  1- 3 |  4- 6 |  7- 9 | 10-12 | 13-15 | 16-18 | 19-21 || total
-------------------------+-------+-------+-------+-------+-------+-------+-------++-------
Melee: Mace              |    71 |   102 |   316 |   714 |       |       |       ||  1203
       Headbutt          |    10 |    17 |    52 |   233 |   453 |   356 |   112 ||  1233
       Morningstar       |       |       |       |   166 |  1525 |    89 |       ||  1780
       Eveningstar       |       |       |       |       |       |  1287 |   492 ||  1779
Invok: Berserk           |     1 |     2 |     2 |     7 |     4 |     2 |     3 ||    21
       Trog's Hand       |       |     1 |     2 |     2 |     1 |     2 |     1 ||     9
       Brothers in Arms  |       |       |       |     2 |       |       |       ||     2
       Burn Spellbooks   |       |       |       |     1 |       |       |       ||     1
Evoke: Wand              |       |       |       |    10 |       |       |       ||    10
  Use: Scroll            |     2 |     2 |       |    12 |     3 |    26 |     3 ||    48
       Potion            |       |       |     1 |     1 |       |     1 |       ||     3
 Stab: Petrified         |       |       |       |       |     2 |       |       ||     2
  Eat: Chunk             |     3 |     9 |     9 |    17 |    23 |    13 |    15 ||    89
       Ration            |       |       |       |     4 |     6 |     5 |       ||    15
Armor: Animal skin       |     7 |       |       |       |       |       |       ||     7
       Scale mail        |    20 |    48 |    83 |       |       |       |       ||   151
       Plate armour      |       |       |    19 |   334 |       |       |       ||   353
       Crystal plate arm |       |       |       |   283 |   752 |   668 |   218 ||  1921
Dodge: Dodged            |    39 |    63 |   120 |   294 |   299 |   469 |   154 ||  1438
Block: Buckler           |       |       |    97 |   411 |    57 |       |       ||   565
       Shield            |       |       |       |       |  1000 |  1221 |   319 ||  2540
       Reflection        |       |       |       |       |       |   122 |    27 ||   149
